 Dungeon Crawl Stone Soup version 0.30-a0-940-ge5077277c9 (webtiles) character file.

Game seed: 4264193247357021985

8461 Jossarian the Thaumaturge (level 11, -6/47 HPs)
             Began as a Spriggan Conjurer on Mar 26, 2023.
             Was a Believer of Vehumet.
             Killed by divine providence
             ... invoked by an orc high priest
              (15 damage)
             ... on level 1 of the Orcish Mines.
             The game lasted 02:36:13 (15560 turns).

Jossarian the Thaumaturge (Spriggan Conjurer)      Turns: 15560, Time: 02:36:15

Health: -6/47      AC:  7    Str:  3    XL:     11   Next: 10%
Magic:  0/27       EV: 18    Int: 24    God:    Vehumet [**....]
Gold:   799        SH:  0    Dex: 14    Spells: 15/33 levels left

rFire   . . .      SeeInvis +    p - staff of conjuration
rCold   . . .      Faith    .    (shield currently unavailable)
rNeg    . . .      Spirit   +    m - +2 robe {Archmagi}
rPois   .          Reflect  .    (helmet restricted)
rElec   .          Rampage  .    v - +2 cloak
rCorr   .          Archmagi +    (gloves unavailable)
Will    +++..                    (boots unavailable)
Stlth   +++                      n - amulet of guardian spirit
HPRegen 0.27/turn                o - ring of willpower
MPRegen 0.20/turn                J - ring "Paoby" {Fly Will+}

@: flying, very slightly contaminated, very quick
A: very small, no large weapons, unfitting armour, see invisible, speed 3
a: Renounce Religion


You were on level 1 of the Orcish Mines.
You worshipped Vehumet.
Vehumet was pleased with you.
You visited 3 branches of the dungeon, and saw 13 of its levels.

You collected 981 gold pieces.
You spent 182 gold pieces at shops.

Inventory:

Hand Weapons
 H - a +1 arbalest
Missiles
 a - 14 poisoned darts (quivered)
 h - 80 stones
 q - 5 boomerangs
Armour
 m - a +2 robe of the Archmagi (worn)
 v - a +2 cloak (worn)
 G - an orb of light
Magical Staves
 p - a staff of conjuration (weapon)
 t - a staff of cold
Jewellery
 g - an amulet of regeneration
 n - an amulet of guardian spirit (around neck)
 o - a ring of willpower (left hand)
 J - the ring "Paoby" (right hand) {Fly Will+}
   (You found it on level 9 of the Dungeon)

   [ring of flight]

   Fly:       It grants you flight.
   Will:      It increases your willpower.
Wands
 w - a wand of polymorph (27)
 y - a wand of roots (14)
 D - a wand of paralysis (3)
Scrolls
 e - a scroll of butterflies
 j - 10 scrolls of teleportation
 l - 3 scrolls of immolation
 s - a scroll of magic mapping
 I - 2 scrolls of identify
Potions
 b - a potion of magic
 d - 3 potions of lignification
 f - 3 potions of ambrosia
 i - 7 potions of heal wounds
 k - 4 potions of curing
 u - 4 potions of haste
 x - 2 potions of brilliance
 B - a potion of invisibility
 C - a potion of berserk rage
 E - 2 potions of might
Miscellaneous
 z - a box of beasts (inert)
 F - a box of beasts (inert)


   Skills:
 + Level 7.1 Throwing
 + Level 4.1 Dodging
 + Level 6.9 Stealth
 + Level 11.5 Spellcasting
 + Level 8.3 Conjurations
 + Level 6.4 Hexes
 + Level 3.3 Translocations
 + Level 0.3 Evocations


You had 15 spell levels left.
You knew the following spells:

 Your Spells              Type           Power      Damage    Failure   Level
a - Magic Dart            Conj           100%       1d8       1%          1
b - Searing Ray           Conj           100%       2d8       1%          2
c - Freeze                Ice            80%        1d9       4%          1
d - Blink                 Tloc           88%        N/A       1%          2
e - Fulminant Prism       Conj/Hex       42%        3d19      2%          4
f - Iskenderun's Battles  Conj           88%        2d14      4%          5
g - Ozocubu's Armour      Ice            20%        N/A       14%         3

Your spell library contained the following spells:

 Spells                   Type           Power      Damage    Failure   Level
 Momentum Strike          Conj/Tloc      100%       3d10      1%          2
 Dazzling Flash           Conj/Hex       100%       N/A       1%          3
 Hailstorm                Conj/Ice       66%        3d14      2%          3
 Iskenderun's Mystic Bla  Conj/Tloc      76%        2d15      4%          4
 Frozen Ramparts          Ice            40%        1d7       14%         3
 Freezing Cloud           Conj/Ice/Air   28%        6-21      38%         5
 Simulacrum               Ice/Necr       10%        N/A       100%        6
 Ozocubu's Refrigeration  Ice            10%        4d9       100%        7
 Fire Storm               Conj/Fire      33%        8d8       100%        9
 Polar Vortex             Ice            10%        N/A       100%        9


Dungeon Overview and Level Annotations

Branches:
Dungeon (10/15)            Temple (1/1) D:7             Orc (2/2) D:10
    Elf (0/3) Orc:2
   Lair: D:8-11

Altars:
Ashenzari
Cheibriados
Dithmenos
Elyvilon
Fedhas
Gozag
Hepliaklqana
Makhleb
Nemelex Xobeh
Okawaru
Qazlal
Ru
Sif Muna
Uskayaw
Vehumet
Xom
Yredelemnul
Zin
The Shining One

Shops:
D:6 ![*(

Annotations:
D:8 Kiciri's ghost, novice OpCj


Innate Abilities, Weirdness & Mutations

You are very small and have problems with some larger weapons.
You are too small for most types of armour.
You have supernaturally acute eyesight. (SInv)
You cover ground extremely quickly. (Speed+++)


Message History

* * * LOW HITPOINT WARNING * * *
You fly upwards.
There is a stone staircase leading down here.
As you read the scroll of fear, it crumbles to dust.
You assume a fearsome visage.
The orc knight looks frightened!
The orc high priest looks frightened!
The orc knight looks frightened!
Blink to where?
Press: ? - help, Dir - move target
As you read the scroll of blinking, it crumbles to dust.
You start resting.
An orc high priest is nearby!
Casting: Searing Ray (safe; 1% risk of failure)
Confirm with . or Enter, or press ? or * to list all spells.
Okay, then.
There is a stone staircase leading down here.
You fly downwards.
The orc warlord shouts!
There is a stone staircase leading up here.
Casting: Searing Ray (safe; 1% risk of failure)
Confirm with . or Enter, or press ? or * to list all spells.
Aiming: Searing Ray (safe; 1% risk of failure)
Press: ? - help, Shift-Dir - straight line, f - ogre
Aim: an ogre, wielding a +0 giant club (92% to hit)
You feel a strong surge of power!
The searing ray hits the ogre!
The ogre is moderately wounded. (Press . to maintain the ray.)
The ogre hits you with a +0 giant club!!
* * * LOW HITPOINT WARNING * * *
The orc warlord roars a battlecry!
You fly upwards.
The orc high priest prays to Beogh.
There is a stone staircase leading down here.
Casting: Searing Ray (safe; 1% risk of failure)
Confirm with . or Enter, or press ? or * to list all spells.
You feel a surge of power!
You miscast Blink.
You are very lightly contaminated with residual magic.
Nothing appears to happen.
The orc high priest mumbles some strange prayers to Beogh against you.
Beogh smites you!
You die...

###...##.##...#.###.#
##..........#.########
#....o.........##.##
#...4.....#...##...#
#.........#....##.##
##............###.##
#..............#...#
#..................##
##...@..............#
#.....O........#.#.##
#................###
##................##
#...#..............#
##..............#.##
##.........#..####
##..........####
#............#


You could see an orc high priest, an ice devil (summoned) and an ogre.

Vanquished Creatures
  Erica (D:7)
  A two-headed ogre (D:8)
  2 orc high priests (Orc:2)
  Pikel (D:8)
  An orc knight (Orc:1)
  A troll (Orc:1)
  Prince Ribbit (D:8)
  Sigmund (D:2)
  A wraith (D:10)
  7 yaks (D:9)
  A steam dragon (D:8)
  A warg (D:10)
  3 acid dragons
  2 sky beasts (D:7)
  9 orc warriors
  3 centaurs
  2 ogres
  3 lemures (D:8)
  A bullfrog (D:9)
  2 scorpions
  7 wights
  3 howler monkeys (D:10)
  2 jellies (D:7)
  5 orc priests
  2 hounds
  Ijyb (D:3)
  2 sleepcaps
  A gnoll bouda (D:8)
  4 iguanas
  10 orc wizards
  7 gnolls
  3 adders
  An ufetubus (D:7)
  3 dart slugs
  47 orcs
  2 bats
  9 endoplasms
  2 giant cockroaches (D:1)
  6 hobgoblins
  5 jackals
  5 quokkas
  5 ball pythons
  5 frilled lizards
  10 goblins
  7 kobolds
  9 rats
  A fulminant prism (Orc:2)
208 creatures vanquished.

Vanquished Creatures (others)
  89 fulminant prisms
  3 fungi (Orc:2)
92 creatures vanquished.

Grand Total: 300 creatures vanquished

Notes
Turn   | Place    | Note
-------+----------+-------------------------------------------
     0 | D:1      | Jossarian the Spriggan Conjurer began the quest for the
                  | Orb.
     0 | D:1      | Reached XP level 1. HP: 9/9 MP: 5/5
   116 | D:1      | Reached XP level 2. HP: 13/13 MP: 0/6
   178 | D:1      | Learned a level 2 spell: Searing Ray
   581 | D:1      | Reached skill level 3 in Spellcasting
   680 | D:1      | Learned a level 1 spell: Freeze
  1383 | D:2      | Reached XP level 3. HP: 16/16 MP: 4/8
  2183 | D:2      | Noticed Sigmund
  2211 | D:2      | Killed Sigmund
  2212 | D:2      | Reached skill level 4 in Spellcasting
  2212 | D:2      | Reached XP level 4. HP: 21/21 MP: 1/11
  2212 | D:2      | Reached XP level 5. HP: 24/24 MP: 1/12
  2860 | D:3      | Noticed Ijyb
  3211 | D:3      | Killed Ijyb
  3212 | D:3      | Reached XP level 6. HP: 13/28 MP: 4/14
  3763 | D:4      | Reached skill level 1 in Throwing
  3763 | D:4      | Reached skill level 5 in Spellcasting
  3940 | D:4      | Got Emoc's Opusculum on Space and the Fifth Circle
  3956 | D:4      | Learned a level 2 spell: Blink
  4160 | D:4      | Identified the +0 ring mail "Zueb Hau" {Drain rPois Will+}
  4586 | D:4      | Found a glowing silver altar of Zin.
  4938 | D:5      | Entered Level 5 of the Dungeon
  5232 | D:5      | Found a blossoming altar of Fedhas.
  5419 | D:5      | Found a shimmering blue altar of Sif Muna.
  5712 | D:5      | Reached skill level 1 in Translocations
  5757 | D:5      | Identified the +3 leather armour "Luwif" {rElec Str+3 SInv}
  5768 | D:5      | Found a sparkling altar of Nemelex Xobeh.
  5998 | D:5      | Reached XP level 7. HP: 32/32 MP: 10/16
  6040 | D:5      | Learned a level 4 spell: Fulminant Prism
  6663 | D:6      | Found Obrioll's Antique Armour Boutique.
  6721 | D:6      | Found Velar's Distillery.
  6759 | D:6      | Reached skill level 5 in Stealth
  6877 | D:6      | Bought a potion of curing for 33 gold pieces
  6877 | D:6      | Bought a potion of curing for 33 gold pieces
  6877 | D:6      | Bought a potion of invisibility for 88 gold pieces
  6923 | D:6      | Found an opulent altar of Gozag.
  6974 | D:6      | Found Gekuev's General Store.
  6979 | D:6      | Bought a scroll of identify for 28 gold pieces
  7086 | D:6      | Found an iron altar of Okawaru.
  7265 | D:6      | Reached skill level 6 in Spellcasting
  7265 | D:6      | Reached skill level 5 in Conjurations
  7772 | D:6      | Found Tiacifeh's Antique Weapon Shop.
  8353 | D:7      | Identified the +6 dagger "Killer Klown's Regret" {venom,
                  | *Corrode rF+ Str-5 Int+7}
  8363 | D:7      | Reached XP level 8. HP: 36/36 MP: 14/19
  8846 | D:7      | Reached skill level 7 in Spellcasting
  9257 | D:7      | Found a staircase to the Ecumenical Temple.
  9264 | Temple   | Entered the Ecumenical Temple
  9286 | Temple   | Became a worshipper of Vehumet
  9466 | D:8      | Noticed Kiciri's ghost (novice OpCj)
  9466 | D:8      | Noticed a moth of wrath
  9480 | D:8      | Found a transporter.
  9519 | D:8      | Found a transporter.
  9701 | D:8      | Reached skill level 1 in Hexes
  9779 | D:8      | Noticed a two-headed ogre
  9797 | D:8      | Killed a two-headed ogre
  9798 | D:8      | Reached skill level 5 in Throwing
  9798 | D:8      | Reached skill level 8 in Spellcasting
  9798 | D:8      | Reached XP level 9. HP: 39/39 MP: 12/22
  9854 | D:8      | Noticed Pikel
  9914 | D:8      | Killed Pikel
 10162 | D:8      | Noticed Erica
 10502 | D:7      | Killed Erica
 10503 | D:7      | Reached skill level 9 in Spellcasting
 11077 | D:8      | Noticed Prince Ribbit
 11111 | D:8      | Killed Prince Ribbit
 11171 | D:8      | Found a snail-covered altar of Cheibriados.
 11173 | D:8      | Found a basalt altar of Yredelemnul.
 11175 | D:8      | Found a hide-covered altar of Uskayaw.
 11176 | D:8      | Found a glowing golden altar of the Shining One.
 11389 | D:8      | Learned a level 5 spell: Iskenderun's Battlesphere
 12443 | D:9      | Reached * piety under Vehumet
 12443 | D:9      | Offered knowledge of Kiss of Death by Vehumet.
 12444 | D:9      | Reached XP level 10. HP: 44/44 MP: 18/24
 12957 | D:9      | Identified the ring "Paoby" {Fly Will+}
 13469 | D:9      | Reached skill level 10 in Spellcasting
 13559 | D:9      | Learned a level 3 spell: Ozocubu's Armour
 13705 | D:10     | Entered Level 10 of the Dungeon
 14191 | D:10     | Reached skill level 5 in Hexes
 14450 | D:10     | Offered knowledge of Momentum Strike by Vehumet.
 14513 | D:10     | Reached ** piety under Vehumet
 14644 | D:10     | Found a staircase to the Orcish Mines.
 14767 | Orc:1    | Entered Level 1 of the Orcish Mines
 14933 | Orc:1    | Reached skill level 11 in Spellcasting
 14935 | Orc:1    | Noticed an orc knight
 14944 | Orc:1    | Killed an orc knight
 15256 | Orc:2    | Entered Level 2 of the Orcish Mines
 15257 | Orc:2    | Found a staircase to the Elven Halls.
 15325 | Orc:2    | Noticed an orc warlord
 15338 | Orc:2    | Noticed an orc high priest
 15341 | Orc:2    | Noticed an orc high priest
 15341 | Orc:2    | Noticed an orc knight
 15344 | Orc:2    | Noticed an orc high priest
 15345 | Orc:2    | Killed an orc high priest
 15346 | Orc:2    | Reached XP level 11. HP: 47/47 MP: 14/27
 15349 | Orc:2    | Killed an orc high priest
 15362 | Orc:2    | Noticed a soul eater
 15526 | Orc:2    | Noticed an orc knight
 15560 | Orc:1    | Killed from afar by an orc high priest

Illustrated notes

Levels and vault maps discovered:
D:1:      onia_arrival_handbag, layout_loops_ring, kennysheep_decorative_pillar
D:2:      layout_basic, minmay_pentomino_t4, uniq_sigmund
D:3:      layout_loops_ring, minmay_misc_feat_square, minmay_checkerbox,
          uniq_ijyb
D:4:      layout_loops_cross, mainiacjoe_overflow_alcove_2
D:5:      layout_basic, nicolae_sif_muna_little_library,
          mainiacjoe_overflow_cross_hatched, nemelex_xobeh_ov_fountains_minmay
D:6:      layout_basic, nicolae_gozag_cash_rules_everything_around_me,
          lemuel_doored_altar, serial_shops, shop, nicolae_take_the_stairs,
          kennysheep_mini_moat, shop
D:7:      layout_basic, minmay_temple_entry_enclosed_plants, item_on_display_a
D:8:      layout_cave_pools, mainiacjoe_overflow_alcove_3,
          gammafunk_ghost_berserking_beasts, kennysheep_nondescript,
          minivault_10, amcnicky_mini_rare_corridor_liquid, uniq_erica,
          uniq_pikel, uniq_prince_ribbit1
D:9:      layout_basic
D:10:     layout_roguey, erik_orc_4, gammafunk_ghost_arena
Temple:   nicolae_temple_bog_church
Orc:1:    layout_caves, uniq_harold
Orc:2:    grunt_orc_gardens, layout_caves, grunt_orc_garden, grunt_orc_garden,
          grunt_orc_garden, grunt_orc_garden, uniq_snorg

Skill      XL: |  1  2  3  4  5  6  7  8  9 10 |
---------------+-------------------------------+-----
Conjurations   | 3 4 5 6 8 |  8.3
Spellcasting   | 3 4 5 6 8 9 11 | 11.5
Dodging        | 3 4 |  4.1
Throwing       | 1 2 5 6 7 |  7.1
Stealth        | 4 5 6 |  6.9
Translocations | 1 3 |  3.3
Hexes          | 1 4 6 |  6.4
Evocations     | |  0.3

Action                     |  1- 3 |  4- 6 |  7- 9 | 10-12 || total
---------------------------+-------+-------+-------+-------++-------
  Throw: Dart              |     5 |    10 |    76 |     6 ||    97
         Stone             |     2 |       |     2 |       ||     4
         Boomerang         |       |       |     3 |       ||     3
   Cast: Magic Dart        |    58 |    53 |    38 |    43 ||   192
         Searing Ray       |    16 |    30 |    44 |    15 ||   105
         Blink             |       |    10 |       |       ||    10
         Fulminant Prism   |       |       |    37 |    53 ||    90
         Iskenderun's Batt |       |       |     1 |     1 ||     2
  Evoke: Wand              |       |       |     1 |       ||     1
         Box of beasts     |       |       |     1 |       ||     1
    Use: Scroll            |     5 |     8 |    13 |     3 ||    29
 Armour: Robe              |     1 |       |       |     1 ||     2
  Dodge: Dodged            |     7 |     4 |    25 |    12 ||    48

Table legend: (Time is in decaauts)
 A = Elapsed time spent in this place.
 B = Non-inter-level travel time spent in this place.
 C = Inter-level travel time spent in this place.
 D = Time resting spent in this place.
 E = Time spent auto-exploring this place.
 F = Levels seen in this place.
 G = Mean time per level.
                   A        B        C        D        E       F      G
               +--------+--------+--------+--------+--------+-----+--------+
         Total |  12068 |   7766 |   4302 |   5731 |      0 |  13 |  928.3 |
       Dungeon |  11397 |   7279 |   4118 |   5376 |      0 |  10 | 1139.7 |
        Temple |     22 |      4 |     18 |      0 |      0 |   1 |   22.0 |
  Orcish Mines |    649 |    484 |    165 |    355 |      0 |   2 |  324.5 |
               +--------+--------+--------+--------+--------+-----+--------+

Top non-repeatable levels by time:
     D:8: 1731 daAuts
     D:9: 1410 daAuts
     D:7: 1324 daAuts
     D:5: 1321 daAuts
     D:2: 1015 daAuts
     D:6: 997 daAuts
     D:3: 965 daAuts
     D:1: 913 daAuts
     D:4: 884 daAuts
    D:10: 832 daAuts
   Orc:1: 574 daAuts
   Orc:2: 75 daAuts
  Temple: 22 daAuts
